 Dungeon Crawl Stone Soup version 0.22.0-16-gc6d26f6 (webtiles) character file.

16 letownia2 the Insei (level 2, 0/22 HPs)
             Began as a Demonspawn Transmuter on Aug 17, 2018.
             Succumbed to an adder's poison
             ... on level 2 of the Dungeon.
             The game lasted 00:02:12 (353 turns).

letownia2 the Insei (Demonspawn Transmuter)          Turns: 353, Time: 00:02:13

Health: 0/22       AC:  2    Str: 10    XL:     2   Next: 37%
Magic:  4/5        EV: 14    Int: 14    God:
Gold:   36         SH:  0    Dex: 13    Spells: 4/5 levels left

rFire    . . .     SeeInvis .     - Unarmed
rCold    . . .     Gourm    .   (no shield)
rNeg     . . .     Faith    .   b - +0 robe
rPois    .         Spirit   .   (no helmet)
rElec    .         Reflect  .   (no cloak)
rCorr    +         Harm     .   (no gloves)
MR       .....                  (no boots)
Stlth    +.........             (no amulet)
HPRegen  0.07/turn              l - ring of resist corrosion
MPRegen  0.09/turn              (no ring)

@: lethally poisoned (0 -> -9), appendage (expiring)
A: horns 2, repulsion field 1
a: End Transformation


You were on level 2 of the Dungeon.
You were not hungry.
You had grown temporary horns.
You visited 1 branch of the dungeon, and saw 3 of its levels.

You collected 36 gold pieces.

Inventory:

Missiles
 a - 12 arrows
Armour
 b - a +0 robe (worn)
Jewellery
 l - a ring of resist corrosion (left hand)
Scrolls
 e - 2 scrolls of teleportation {unknown}
 f - a scroll of amnesia {unknown}
 h - a scroll of immolation {unknown}
 m - a scroll of identify {unknown}
Potions
 c - a potion of magic {unknown}
 g - a potion of degeneration {unknown}
 i - a potion of brilliance {unknown}
 j - a potion of flight {unknown}
 k - a potion of mutation {unknown}
 n - a potion of lignification {unknown}
Comestibles
 d - 2 rations


   Skills:
 + Level 1.8 Fighting
 - Level 1.7 Dodging
 + Level 3.1 Unarmed Combat
 - Level 2.0 Spellcasting
 - Level 1.7 Transmutations


You had 4 spell levels left.
You knew the following spells:

 Your Spells              Type           Power        Failure   Level  Hunger
a - Beastly Appendage     Tmut           #.....       12%         1    ##.....

Your spell library contained the following spells:

 Spells                   Type           Power        Failure   Level  Hunger
 Spider Form              Tmut/Pois      #.........   45%         3    ####...
 Blade Hands              Tmut           #.........   97%         5    ######.
 Ice Form                 Ice/Tmut       #.......     86%         4    #####..
 Sticks to Snakes         Tmut           #.......     17%         2    ###....


Dungeon Overview and Level Annotations

Branches:
Dungeon (3/15)

Altars:

Annotations:
D:3 Jessica


Innate Abilities, Weirdness & Mutations

You are surrounded by a mild repulsion field. (EV +2)
You have a pair of horns on your head.


Message History

You miss the adder.
The adder is almost dead.
The adder closely misses you.
You closely miss the adder.
The adder is almost dead.
You feel sick. The adder closely misses you. The adder bites you.
* * * LOW HITPOINT WARNING * * *
You are lethally poisoned!
The adder poisons you!
You closely miss the adder.
The adder is almost dead.
The adder bites you.
* * * LOW HITPOINT WARNING * * *
You closely miss the adder.
The adder is severely wounded.
* * * LOW HITPOINT WARNING * * *
You feel sick. The adder barely misses you.
You closely miss the adder.
The adder is severely wounded.
You die...

#.## #.. #.# #$.#
#.###.. #.# #...
.S..... #.# #..#
... ... #.# #..#
#.# #†# #.# #..#
#.# #.# #.# #..#
#.###..
#.#####..###.#....
#@S..........#.###
########..##...# #
#..####.# # #..#
..... ##.# .##..
#.# #. ## #.# #.
#.# #.


You could see an adder.

Vanquished Creatures
  An ooze (D:1)
  3 goblins
  A hobgoblin (D:1)
  A bat (D:1)
  3 frilled lizards
  3 kobolds
  A rat (D:1)
13 creatures vanquished.

Notes
Turn   | Place    | Note
-------+----------+-------------------------------------------
     0 | D:1      | letownia2 the Demonspawn Transmuter began the quest for the Orb.
     0 | D:1      | Reached XP level 1. HP: 15/15 MP: 3/3
    69 | D:1      | Reached skill level 3 in Unarmed Combat
    83 | D:1      | Gained mutation: You are surrounded by a mild repulsion field. (EV +2) [demonic ancestry]
    83 | D:1      | Reached XP level 2. HP: 14/21 MP: 1/5
   107 | D:3      | Noticed Jessica
   352 | D:2      | HP: 1/22 [poisoned by an adder]
   353 | D:2      | Succumbed to an adder's poison

Skill      XL: |  1 |
---------------+----+-----
Unarmed Combat | 3 |  3.1
Fighting       | |  1.8
Dodging        | |  1.7
Spellcasting   | |  2.0
Transmutations | |  1.7

Action                   || total
-------------------------++-------
Melee: Unarmed           ||    60
       Kick              ||     6
       Headbutt          ||     2
 Cast: Beastly Appendage ||    11
Armor: Robe              ||     3
Dodge: Dodged            ||    36
